Unix NetHack Version 5.0.0-0 post-release - last build Jul 19 2026 19:10:59 (3aa4ab31751d3886436d94b585a96704892fd477,branch:main).

Game began 2026-06-29 04:44:51, ended 2026-07-20 23:50:31.

Airwolf, neutral male human Wizard

                  -------------------------------------------
                  |..............q.'..0..[[..&..%.)0........|
                  |..A.D.J.%..A.D%.----[----=D..D&".)[.....0|
                  |......?%.0..0.%--...[..'--..[.).=H.....%[|
                  |DD.....D.0/.*.--....D. ..--.).00).....).N|
  --------------- |......%.&0.%0.|....z.D....|.........[0)..| ---------------
  |.)a......DT).| ------.t%--------.........--------...------ |.%[%A....[)%.|
  |w)---------..--   ----%----    --...A.x.--    ----|----   --.%---------).|
  |..|...g..P|.).-- --.%.....--   -----0-----   --.......-- --%%.|....../|..|
  |..|...@...|....---.........-----...j[0.%a-----...%.%%% ---.%%.|......[|..|
  |).|..._..[)%).%)-.J_?).D....||%.....HA.DXA[||......... .%).)..-%.._...|..|
  |).|..A...%|..'.---A.%A.)[..--|@.----|----.%|--......./D---.(..|..@....|..|
  |w.|...[...|.[%-- --.......-- |f%|)..Q...|..| --......)-- --.D%|(.A...)|..|
  |.J---------.%--   ---------  |%.|...@...|0%|  ---------   --).---------..|
  |.......%..'..|               |..|...@...|.%|               |.%.....%.....|
  ---------------               |..|%..w?..|..|               ---------------
                                |.%|.......|))|
                                |.)---------%0|
                                |0%.%%*.%%..**|
                                ---------------
Airwolf the Mage          St:18/** Dx:22 Co:18 In:22 Wi:22 Ch:18  Neutral
Astral Plane $:0  HP:765(765) Pw:559(559) AC:-44 Xp:30/100232925 T:87093  Fly

Latest messages:
 N - a potion of holy water.
 What do you want to dip? [adg-ms-vzMNR-Z or ?*] ?
 What do you want to dip an uncursed scroll of charging into? [N or ?*] N
 Your scroll of charging glows with a light blue aura.
 Your candelabrum's flames die.
 What do you want to use or apply? [hks-vzT-WZ or ?*] z
 You put a blessed scroll of charging into the bag of holding.
 What do you want to use or apply? [hks-vzT-WZ or ?*] z
 y - 7 blessed tallow candles.
 What do you want to use or apply? [hks-vyzT-WZ or ?*] y
 Attach your tallow candles to your Candelabrum of Invocation? [yn] (n) y
 You attach 7 candles to the Candelabrum of Invocation.
 What do you want to use or apply? [hks-vzT-WZ or ?*] z
 H - the rustproof +8 Frost Brand.
 I - an uncursed amulet of life saving.
 What do you want to use or apply? [hks-vzT-WZ or ?*] z
 M - 2 potions of holy water.
 The genetic engineer drops a wand of digging.
 What do you want to dip? [adg-ms-vzHIMR-Z or ?*] ?
 What do you want to dip the rustproof +8 Frost Brand into? [M or ?*] ?
 Frost Brand glows with a light blue aura.
 What do you want to dip? [adg-ms-vzHIMR-Z or ?*] ?
 What do you want to dip an uncursed amulet of life saving into? [M or ?*] M
 Your amulet of life saving glows with a light blue aura.
 The genetic engineer picks up a wand of digging.
 What do you want to use or apply? [hks-vzT-WZ or ?*] z
 You put the blessed rustproof +8 Frost Brand into the bag of holding.
 What do you want to use or apply? [hks-vzT-WZ or ?*] z
 You put a blessed amulet of life saving into the bag of holding.
 The genetic engineer drops a wand of digging.
 What do you want to use or apply? [hks-vzT-WZ or ?*] z
 b - 10 blessed fireproof +7 elven daggers.
 What do you want to ready? [b or ?*] b
 b - 10 blessed fireproof +7 elven daggers (at the ready).
 What do you want to use or apply? [hks-vzT-WZ or ?*] z
 You have a little trouble removing 5 blessed fireproof +7 elven daggers.  Continue? [ynq] (q) n
 The genetic engineer picks up a wand of digging.
 There is a high altar to Thoth (neutral) here.
 What do you want to sacrifice? [S or ?*] ?
 You offer the Amulet of Yendor to Thoth...
 An invisible choir sings, and you are bathed in radiance...
 The voice of Thoth booms: "Mortal, thou hast done well!"
 "In return for thy service, I grant thee the gift of Immortality!"
 You ascend to the status of Demigod...
 Do you want your possessions identified? [ynq] (y) y
 Do you want to see your attributes? [ynq] (y) y
 Do you want an account of creatures vanquished? [ynaq] (y) y
 Do you want a list of species genocided and extinct? [ynaq] (y) y
 Do you want to see your conduct and achievements? [ynq] (y) y
 Do you want to see the dungeon overview? [ynq] (y) y

Inventory:
 Weapons  (')')
  a - the blessed rustproof +2 Magicbane (weapon in right hand)
  b - 10 blessed fireproof +7 elven daggers (at the ready)
 Armor    ('[')
  d - a blessed fireproof +4 pair of speed boots (being worn)
  e - a blessed fireproof +5 Hawaiian shirt with a giant eel motif (being worn)
  f - a blessed greased rotproof +4 silver dragon scale mail (being worn)
  g - a blessed greased fireproof +4 cloak of protection (being worn)
  i - a blessed tempered +4 helm of brilliance (being worn)
  j - a blessed fireproof +4 pair of gauntlets of dexterity (being worn)
  l - a blessed fireproof +4 shield of drain resistance (being worn)
 Amulets  ('"')
  m - a blessed amulet of flying (being worn)
  R - the blessed Eye of the Aethiopica
 Rings    ('=')
  n - a blessed ring of free action (on right hand)
  o - a blessed ring of slow digestion (on left hand)
 Tools    ('(')
  h - a blessed +0 unicorn horn
  k - a blessed skeleton key
  s - a blessed stethoscope
  t - a blessed towel
  u - a blessed magic lamp (lit)
  v - a blessed magic whistle
  z - a blessed greased bag of holding containing 96 items
  T - the blessed Eyes of the Overworld (being worn)
  U - the blessed Candelabrum of Invocation (7 of 7 candles attached)
  V - the blessed Bell of Opening (0:2)
  Z - a blessed greased sack containing 2 items
 Spellbooks  ('+')
  W - the blessed Book of the Dead
 Comestibles  ('%')
  X - a blessed lizard corpse
 Gems/Stones  ('*')
  Y - a blessed luckstone

Contents of the bag of holding:
  4757 gold pieces
  15 blessed fireproof +7 elven daggers
  the blessed +0 Sting
  the blessed rustproof +7 Dragonbane
  the blessed rustproof +7 Excalibur
  the blessed rustproof +8 Frost Brand
  the blessed +0 Orcrist
  the blessed rustproof +1 Sunsword
  a blessed +2 mummy wrapping
  a blessed amulet of life saving
  a blessed amulet of life saving
  a blessed amulet of life saving
  a blessed amulet of life saving
  a blessed amulet of life saving
  a blessed ring of conflict
  a blessed ring of free action
  a blessed +3 ring of gain strength
  a blessed +3 ring of increase damage
  a blessed ring of levitation
  a blessed +2 ring of protection
  a blessed ring of protection from shape changers
  a blessed ring of regeneration
  a blessed ring of slow digestion
  a blessed horn of plenty (0:18)
  a blessed fire horn (0:4)
  a blessed tooled horn
  a blessed can of grease (0:2)
  a blessed expensive camera (0:97)
  a blessed magic marker (0:45)
  a blessed magic marker (1:37)
  a magic marker (1:76)
  a magic marker (0:37)
  a magic marker (1:6)
  a blessed +0 pick-axe
  14 blessed tallow candles
  a blessed tin opener
  a blessed tinning kit (1:29)
  a blessed wand of cold (0:5)
  a blessed wand of death (0:8)
  a blessed wand of death (0:6)
  a blessed wand of death (0:5)
  a blessed wand of digging (0:8)
  a blessed wand of fire (0:7)
  a blessed wand of lightning (0:8)
  a blessed wand of probing (0:6)
  a blessed wand of speed monster (0:2)
  a blessed wand of stasis (0:6)
  a blessed wand of teleportation (0:8)
  a wand of teleportation (0:7)
  a wand of teleportation (0:6)
  a wand of teleportation (0:6)
  a wand of teleportation (0:5)
  a blessed wand of wishing (1:0)
  5 blessed scrolls of blank paper
  5 uncursed scrolls of blank paper
  5 cursed scrolls of blank paper
  4 blessed scrolls of charging
  a blessed scroll of earth
  a cursed scroll of earth
  a blessed scroll of gold detection
  a blessed scroll of identify
  3 blessed scrolls of remove curse
  a blessed scroll of scare monster
  5 blessed scrolls of teleportation
  5 cursed scrolls of teleportation
  2 cursed potions of invisibility
  3 blessed potions of object detection
  2 blessed potions of paralysis
  3 blessed potions of restore ability
  6 potions of holy water
  a potion of unholy water
  a blessed clove of garlic
  6 blessed K-rations
  4 blessed lembas wafers
  2 blessed sprigs of wolfsbane
  a blessed tin of displacer beast meat
  a blessed tin of floating eye meat
  a blessed tin of nurse meat
  a blessed tin of stalker meat
  a blessed lizard corpse
  6 uncursed agate stones
  4 uncursed amber stones
  4 uncursed chrysoberyl stones
  6 uncursed citrine stones
  6 uncursed diamonds
  5 uncursed dilithium crystals
  an uncursed fluorite stone
  4 uncursed garnet stones
  4 uncursed jacinth stones
  4 uncursed jade stones
  3 uncursed jasper stones
  3 uncursed obsidian stones
  26 uncursed rubies
  7 uncursed topaz stones
  11 uncursed turquoise stones
  a blessed luckstone

Contents of the sack:
  a blessed wand of cancellation (0:8)
  a blessed scroll of scare monster

Airwolf the Wizard's attributes:

Background:
 You were a Mage, a level 30 male human Wizard.
 You were neutral, on a mission for Thoth
 who was opposed by Ptah (lawful) and Anhur (chaotic).
 You were right-handed.
 You were in the endgame, on the Astral Plane.
 You entered the dungeon 87093 turns ago.
 It was nighttime.
 You had 100232925 experience points.

Basics:
 You had all 765 hit points.
 You had all 559 energy points (spell power).
 Your armor class was -44.
 Your wallet was empty, but
 you had 4757 zorkmids stashed away in your pack.
 Autopickup was on for '$' plus thrown, with exceptions.

Final Characteristics:
 Your strength was 18/100 (limit:18/100).
 Your dexterity was 22 (base:18, innate limit:18).
 Your constitution was 18 (limit:18).
 Your intelligence was 22 (base:18, innate limit:18).
 Your wisdom was 22 (base:18, innate limit:18).
 Your charisma was 18 (limit:18).

Final Status:
 You were flying.
 You weren't hungry.
 You were unencumbered.
 You were wielding a dagger.
 You had expert skill with dagger.

Final Attributes:
 You were the Envoy of Balance.
 You were piously aligned.
 You were magic-protected.
 You were fire resistant.
 You were cold resistant.
 You were sleep resistant.
 You were disintegration resistant.
 You were shock resistant.
 You were poison resistant.
 You were level-drain resistant.
 You saw invisible.
 You were telepathic.
 You were warned.
 You were sensing the presence of monsters.
 You were invisible to others.
 You were stealthy.
 You had teleport control.
 You could survive without air.
 You had slower digestion.
 You had a moderate defense bonus (+9).
 You were protected.
 You took half spell damage.
 You had polymorph control.
 You were very fast.
 You had reflection.
 You had free action.
 You were extremely lucky.
 You had extra luck.
 Good luck did not time out for you.
 You survived.

Miscellaneous:
 You encountered 4 bones levels.
 Total elapsed playing time was 1 day, 6 hours, 51 minutes and 21 seconds.

Major events:
 Turn
    1: Airwolf the neutral male human Wizard entered the dungeon
 1070: read a Discworld novel
 1070: attained the rank of Conjurer (level 3)
 1310: entered the Gnomish Mines
 3854: attained the rank of Thaumaturge (level 6)
 5401: was bestowed with Magicbane by Thoth
 9426: entered Sokoban
 9430: made his first wish - "2 blessed scrolls of charging", got "2 scrolls called VCBM 300"
 9745: completed 1st Sokoban level
10310: completed 2nd Sokoban level
11330: completed 3rd Sokoban level
12173: wished for "blessed fixed greased +2 silver dragon scale mail", got "a greased silver dragon scale mail"
13000: completed 4th Sokoban level
14206: attained the rank of Magician (level 10)
14487: acquired the Sokoban amulet of reflection
14707: wished for "blessed fixed greased bag of holding", got "a greased bag"
15168: consulted the Oracle
15874: was bestowed with Dragonbane by Thoth
17995: found Sting on the floor
18583: reached Mine Town
19925: wished for "blessed fixed greased +2 speed boots", got "a greased pair of riding boots"
21864: acquired the Mines' End luckstone
28972: attained the rank of Enchanter (level 14)
30870: entered Home 1, the Quest
31072: Neferet the Green has granted access to proceed deeper into the quest
31090: entered Home 2, the Quest
31235: entered Home 3, the Quest
31788: entered Home 4, the Quest
31904: entered Home 5, the Quest
32325: entered Home 6, the Quest
32556: found the Eye of the Aethiopica carried by a monster
32575: killed the Dark One
32576: acquired the Bell of Opening
33864: performed his first genocide (class L)
36615: killed Croesus
37582: became Thoth's Envoy of Balance
37582: was bestowed with spellbook of finger of death
40462: genocided master mind flayers
44593: attained the rank of Sorcerer (level 18)
45533: attained the rank of Necromancer (level 22)
47842: genocided mind flayers
48711: entered Gehennom
49747: wished for "blessed fixed greased +2 cloak of protection", got "a greased ornamental cope"
50788: attained the rank of Wizard (level 26)
52764: killed Asmodeus
53208: killed Juiblex
53214: genocided disenchanters
56897: killed Baalzebub
60260: found Sunsword on the floor
60287: destroyed Vlad the Impaler
60298: acquired the Candelabrum of Invocation
62632: killed Orcus
62851: genocided green slimes
62852: genocided energy vortices
62898: wished for "uncursed magic marker", got "a magic marker"
68385: found the Eyes of the Overworld on the floor
68385: found Excalibur on the floor
69947: attained the rank of Mage (level 30)
73166: wished for "blessed fixed +2 helm of brilliance", got "a helm of brilliance"
77758: killed Yeenoghu
82839: killed the Wizard of Yendor
82842: acquired the Book of the Dead
83009: performed the invocation
83600: killed the high priestess of Moloch
83601: acquired The Amulet of Yendor
83601: wished for "blessed magic marker", got "a magic marker"
83650: killed the Wizard of Yendor (2nd time)
84498: killed the Wizard of Yendor (3rd time)
85139: genocided umber hulks
85637: chose an elven broadsword to be named "Orcrist"
85758: entered the Elemental Planes
85758: entered Plane of Earth
85841: entered Plane of Air
85916: entered Plane of Fire
85926: entered Plane of Water
85927: genocided class ;
86035: entered the Astral Plane
86089: killed Pestilence
86305: killed Pestilence (2nd time)
86325: killed Pestilence (3rd time)
86362: killed Famine
86379: killed Famine (2nd time)
86384: killed Famine (3rd time)
86460: found Frost Brand carried by a monster
86731: killed Famine (5th time)
86757: killed Death
86766: killed Death (2nd time)
87093: ascended

Spells:
 Name                 Level Category     Fail Retention
 force bolt             1   attack         0%   75%-76%
 chain lightning        2   attack         0%   75%-76%
 drain life             2   attack         0%   75%-76%
 magic missile          2   attack         0%   75%-76%
 cone of cold           4   attack         0%   75%-76%
 fireball               4   attack         0%   75%-76%
 finger of death        7   attack         0%   75%-76%
 protection             1   clerical       0%    6%-10%
 create monster         2   clerical       0%   71%-75%
 remove curse           3   clerical       0%   76%-80%
 turn undead            6   clerical       0%   76%-80%
 detect monsters        1   divination     0%   75%-76%
 light                  1   divination     0%   75%-76%
 detect food            2   divination     0%   75%-76%
 clairvoyance           3   divination     0%   75%-76%
 detect unseen          3   divination     0%   75%-76%
 identify               3   divination     0%   75%-76%
 detect treasure        4   divination     0%   75%-76%
 magic mapping          5   divination     0%   75%-76%
 confuse monster        1   enchantment    0%   16%-20%
 slow monster           2   enchantment    0%    (gone)
 cause fear             3   enchantment    0%   71%-75%
 sleep                  3   enchantment    0%   76%-80%
 charm monster          5   enchantment    0%   71%-75%
 jumping                1   escape         0%   75%-76%
 haste self             3   escape         0%   75%-76%
 invisibility           4   escape         0%   75%-76%
 levitation             4   escape         0%   75%-76%
 teleport away          6   escape         0%   75%-76%
 healing                1   healing        0%   71%-75%
 cure blindness         2   healing        0%   71%-75%
 cure sickness          3   healing        0%   71%-75%
 extra healing          3   healing        0%   71%-75%
 stone to flesh         3   healing        0%   76%-80%
 restore ability        4   healing        0%   76%-80%
 knock                  1   matter         0%   75%-76%
 wizard lock            2   matter         0%   51%-52%
 dig                    5   matter         0%   77%-78%
 polymorph              6   matter         0%   75%-76%
 cancellation           7   matter         0%   73%-74%

Skills:
 Fighting Skills
   bare handed combat [Unskilled]
   riding             [Unskilled]
 Weapon Skills
   dagger             [Expert]
   knife              [Unskilled]
   axe                [Unskilled]
   short sword        [Unskilled]
   broadsword         [Basic]
   long sword         [Basic]
   club               [Unskilled]
   mace               [Unskilled]
   quarterstaff       [Basic]
   polearms           [Unskilled]
   spear              [Unskilled]
   trident            [Unskilled]
   sling              [Unskilled]
   dart               [Unskilled]
   shuriken           [Unskilled]
 Spellcasting Skills
   attack spells      [Expert]
   healing spells     [Skilled]
   divination spells  [Expert]
   enchantment spells [Skilled]
   clerical spells    [Skilled]
   escape spells      [Expert]
   matter spells      [Expert]

Voluntary challenges:
 Character rerolling was not enabled.
 You genocided 16 types of monsters.
 You used 8 wishes.
 You did not wish for any artifacts.
 You did not violate any of the special Sokoban rules.
Achievements:
 You entered a shop.
 You read from a Discworld novel.
 You attained the rank of Conjurer.
 You entered the Gnomish Mines.
 You attained the rank of Thaumaturge.
 You entered Sokoban.
 You attained the rank of Magician.
 You completed Sokoban.
 You consulted the Oracle of Delphi.
 You entered Minetown.
 You entered a temple.
 You completed the Gnomish Mines.
 You attained the rank of Enchanter.
 You had the Bell of Opening.
 You attained the rank of Sorcerer.
 You attained the rank of Necromancer.
 You entered Gehennom.
 You attained the rank of Wizard.
 You had the Candelabrum of Invocation.
 You attained the rank of Mage.
 You had the Book of the Dead.
 You gained access to Moloch's Sanctum.
 You reached the Elemental Planes.
 You reached the Astral Plane.
 You delivered the Amulet of Yendor.
 You ascended!

 The Elemental Planes:
    Astral Plane: <- You are here.
       Many temples and many altars.
    Plane of Water:
    Plane of Fire:
    Plane of Air:
    Plane of Earth:
 The Dungeons of Doom: levels 1 to 29
    Level 1:
       One way stairs up to The Elemental Planes.
    Level 2: "stash"
       A scroll shop, an altar to Thoth.
       Stairs down to The Gnomish Mines.
    Level 3:
       Some sinks.
    Level 4:
       Many fountains, many trees.
    Level 5:
       Many fountains.
       Oracle of Delphi.
       Final resting place for
          ironrat-Wiz-Hum-Mal-Neu, killed by a kobold lord.
    Level 6:
       Many fountains, a grave.
       Stairs up to Sokoban, level 5.
    Level 7:
       A general store, a grave.
    Level 8:
       A sink.
    Level 9:
       Some fountains.
    Level 10:
    Level 11:
       A scroll shop, a fountain.
       Portal to Fort Ludios.
    Level 12:
       A fountain, a grave.
       Portal to The Quest.
    Level 13:
       A fountain, many graves.
    Level 14:
    Level 15:
    Level 16:
       A primitive area.
    Level 17:
       A fountain.
    Level 18:
       A fountain, a sink.
    Level 19:
       A fountain, many graves.
    Level 20:
    Level 21:
    Level 22:
       A fountain.
    Level 23:
       A sink.
    Level 24:
       Some graves.
    Level 25:
       Some altars to Thoth, some fountains.
    Level 26:
       A general store, an altar to Thoth, a sink.
    Level 27:
    Level 28:
    Level 29:
       A fountain.
       The castle.
       Connection to Gehennom.
 Gehennom: levels 30 to 51
    Level 30:
       A temple and an altar, many graves.
       Valley of the Dead.
    Level 31:
    Level 32:
    Level 33:
       A fountain.
    Level 34:
       Final resting place for
          Japes-Mon-Hum-Mal-Law, dissolved in molten lava.
    Level 35:
    Level 36:
    Level 37:
    Level 38:
    Level 39:
    Level 40:
    Level 41:
    Level 42:
       Stairs up to Vlad's Tower, level 41.
    Level 43:
    Level 44:
       Some shops, an altar, a grave.
    Level 45:
    Level 46:
    Level 47:
    Level 48:
    Level 49:
    Level 50:
    Level 51:
       A temple and an altar, many graves.
       Moloch's Sanctum.
 The Gnomish Mines: levels 3 to 10
    Level 3:
       Final resting place for
          nottabird-Tou-Hum-Mal-Neu, killed by a wand.
    Level 4:
       A grave.
       Final resting place for
          pavelek-Wiz-Elf-Mal-Cha, killed by a dog.
    Level 5:
       Many shops, a temple and an altar, some fountains.
    Level 6:
    Level 7:
    Level 8:
    Level 9:
    Level 10:
 The Quest: levels 1 to 6
    Level 1:
       Completed quest for Neferet the Green.
    Level 2:
    Level 3:
    Level 4:
    Level 5:
    Level 6:
       A temple and an altar.
 Sokoban: levels 5 up to 2
    Level 2:
       Solved.
    Level 3:
       Solved.
    Level 4:
       Solved.
    Level 5:
       Solved.
 Fort Ludios:
    Level 1:
       Fort Ludios.
 Vlad's Tower: levels 41 up to 39
    Level 39:
       A throne.
    Level 40:
    Level 41:


Vanquished creatures:
    Asmodeus
    Baalzebub
    Orcus
    Yeenoghu
    Juiblex
  3 erinyes
the Wizard of Yendor (4 times)
    Death (twice)
    Pestilence (thrice)
    Famine (6 times)
    Vlad the Impaler
  a high cleric
  5 mastodons
    Croesus
 17 krakens
  5 Archons
 14 iron golems
  5 ki-rin
 29 storm giants
  7 titans
  6 glass golems
  7 balrogs
 15 purple worms
  4 gray dragons
  5 gold dragons
 15 silver dragons
 13 red dragons
  7 white dragons
 11 orange dragons
  8 black dragons
 10 blue dragons
  8 green dragons
 12 yellow dragons
 35 minotaurs
 12 jabberwocks
the Dark One
 17 baluchitheria
 41 Angels
  7 stone golems
 12 Olog-hai
  6 Nazgul
 18 pit fiends
  4 sandestins
 15 hell hounds
 10 displacer beasts
 12 titanotheres
  8 trappers
  5 baby red dragons
  a baby blue dragon
  8 guardian nagas
 10 genetic engineers
  a disenchanter
 45 vampire leaders
 10 skeletons
 39 aligned clerics
 10 captains
  6 shades
  7 water trolls
  3 clay golems
 24 nurses
 13 ice devils
 19 nalfeshnees
 10 lurkers above
  7 Aleaxes
  8 frost giants
 13 ettins
  6 golden nagas
 26 black puddings
 39 vampires
 10 lieutenants
 56 ghosts
  a cleric
  2 samurai
  2 queen bees
  9 winged gargoyles
  4 mind flayers
 20 giant mimics
 11 long worms
 16 zruties
 23 fire giants
 23 ogre tyrants
  9 ice trolls
 16 rock trolls
  6 umber hulks
 13 flesh golems
 14 elven monarchs
 10 doppelgangers
 22 hezrous
 30 bone devils
 11 large mimics
  8 wumpuses
  9 fire vortices
 21 couatls
 21 stalkers
 11 air elementals
 10 fire elementals
  7 earth elementals
  9 water elementals
  8 hill giants
  6 giant mummies
  3 black nagas
 26 xorns
 28 giant zombies
 30 elf-nobles
 40 sergeants
  2 water demons
  3 barbed devils
 11 vrocks
 11 salamanders
 21 wargs
  5 winter wolves
 25 hell hound pups
 32 small mimics
  4 glass piercers
  9 warhorses
 16 steam vortices
 16 xans
  8 ettin mummies
 11 ogre leaders
 16 quantum mechanics
 30 trolls
  6 sasquatches
  9 wood golems
 14 mariliths
  a djinni
  9 sharks
  9 electric eels
 17 gelatinous cubes
 12 pyrolisks
  a large dog
  7 freezing spheres
 26 flaming spheres
  7 shocking spheres
  7 large cats
  8 tigers
 10 gargoyles
  3 dwarf rulers
 12 tengu
 19 ochre jellies
 14 leocrottas
  4 energy vortices
  6 mountain centaurs
  8 stone giants
  4 elf mummies
 11 human mummies
 11 red nagas
  6 green slimes
  3 pythons
  5 pit vipers
  9 cobras
 62 wraiths
  8 carnivorous apes
 19 ettin zombies
 11 leather golems
 15 Grey-elves
120 soldiers
  a watchman
 17 amorous demons
  8 horned devils
  9 chameleons
 11 crocodiles
 55 giant beetles
 10 quivering blobs
 32 cockatrices
 11 wolves
  9 winter wolf cubs
  5 lynxes
  4 panthers
 70 gremlins
  5 spotted jellies
 18 leprechauns
  3 orc-captains
  8 iron piercers
  5 mumakil
  8 giant spiders
 17 scorpions
  3 horses
  6 ice vortices
 19 black lights
 64 vampire bats
  8 forest centaurs
 16 gnome rulers
  4 orc mummies
  4 dwarf mummies
  6 ogres
  8 brown puddings
 13 rust monsters
 16 owlbears
 10 yetis
  6 gold golems
  6 werewolves
 30 Green-elves
  8 piranha
 36 giant eels
 37 lizards
 16 chickatrices
  7 dingoes
  a dog
  3 housecats
  4 jaguars
 11 dwarf leaders
 11 blue jellies
 11 white unicorns
  a gray unicorn
  3 black unicorns
  8 dust vortices
 17 ravens
  6 plains centaurs
  3 Kop Kaptains
  6 gnome mummies
 14 snakes
 14 apes
 30 human zombies
  4 rope golems
 15 Woodland-elves
 62 soldier ants
 50 fire ants
 33 bugbears
 16 imps
  3 lemures
 16 quasits
  9 wood nymphs
  8 water nymphs
 10 mountain nymphs
 20 Mordor orcs
 30 Uruk-hai
 11 orc shamans
 13 rock piercers
 10 rock moles
  5 ponies
 16 fog clouds
 29 yellow lights
  7 shriekers
 10 violet fungi
 23 gnome leaders
 16 gnomish wizards
  4 kobold mummies
  a golden naga hatchling
 10 gray oozes
  6 barrow wights
 32 elf zombies
 16 ghouls
  4 straw golems
  2 paper golems
  9 jellyfish
103 giant ants
  3 little dogs
 22 floating eyes
  5 kittens
 25 dwarves
 15 homunculi
  7 kobold leaders
  4 kobold shamans
 94 hill orcs
 33 rothes
  8 rabid rats
  6 centipedes
 20 giant bats
  2 monkeys
 21 orc zombies
 22 dwarf zombies
  5 wererats
  6 werejackals
 16 iguanas
 96 killer bees
  6 acid blobs
  6 coyotes
  3 gas spores
 15 hobbits
 25 manes
  8 large kobolds
 34 hobgoblins
 25 giant rats
 23 cave spiders
  7 brown molds
 14 yellow molds
  4 green molds
  8 red molds
 54 gnomes
 11 garter snakes
 23 gnome zombies
 13 geckos
 20 jackals
  7 foxes
  8 kobolds
 18 goblins
  6 sewer rats
 13 grid bugs
 11 bats
 19 lichens
 25 kobold zombies
 14 newts
4200 creatures vanquished.

Genocided or extinct species:
 erinyes (extinct)
 arch-liches
 krakens
 master liches
 demiliches
 master mind flayers
 disenchanters
 liches
 mind flayers
 umber hulks
 sharks
 electric eels
 energy vortices
 green slimes
 soldiers (extinct)
 piranha
 giant eels
 jellyfish
16 species genocided.
2 species extinct.

Goodbye Airwolf the Demigod...

You and the purple worm
went to your reward with 5674202 points,
Magicbane (worth 3500 zorkmids and 8750 points)
Frost Brand (worth 3000 zorkmids and 7500 points)
Orcrist (worth 2000 zorkmids and 5000 points)
Sting (worth 800 zorkmids and 2000 points)
Sunsword (worth 1500 zorkmids and 3750 points)
Excalibur (worth 4000 zorkmids and 10000 points)
Dragonbane (worth 500 zorkmids and 1250 points)
The Eye of the Aethiopica (worth 4000 zorkmids and 10000 points)
The Eyes of the Overworld (worth 2500 zorkmids and 6250 points)
The Candelabrum of Invocation (worth 5000 zorkmids and 12500 points)
The Bell of Opening (worth 5000 zorkmids and 12500 points)
The Book of the Dead (worth 10000 zorkmids and 25000 points)
      26 rubies (worth 91000 zorkmids),
      11 turquoise stones (worth 22000 zorkmids),
       7 topaz stones (worth 6300 zorkmids),
       6 diamonds (worth 24000 zorkmids),
       6 citrine stones (worth 9000 zorkmids),
       6 agate stones (worth 1200 zorkmids),
       5 dilithium crystals (worth 22500 zorkmids),
       4 jacinth stones (worth 13000 zorkmids),
       4 amber stones (worth 4000 zorkmids),
       4 chrysoberyl stones (worth 2800 zorkmids),
       4 garnet stones (worth 2800 zorkmids),
       4 jade stones (worth 1200 zorkmids),
       3 jasper stones (worth 1500 zorkmids),
       3 obsidian stones (worth 600 zorkmids),
       1 fluorite stone (worth 400 zorkmids),
       5 amulets of life saving (worth 750 zorkmids),
       1 amulet of flying (worth 150 zorkmids),
and 4757 pieces of gold, after 87093 moves.
You were level 30 with a maximum of 765 hit points when you ascended.

